 Dungeon Crawl Stone Soup version 0.31-a0-986-g5e6e4ef867 (webtiles) character file.

Game seed: 808080932280996029

327 croobank the Covert (level 6, -1/44 HPs)
             Began as an Octopode Delver on Nov 15, 2023.
             Slain by Pikel
             ... wielding a +0 whip of freezing
              (6 damage)
             ... on level 4 of the Dungeon.
             The game lasted 00:10:34 (3686 turns).

croobank the Covert (Octopode Delver)               Turns: 3686, Time: 00:10:35

Health: -1/44      AC:  1    Str: 11    XL:     6   Next: 50%
Magic:  6/6        EV: 14    Int: 14    God:
Gold:   140        SH:  0    Dex: 14    Spells: 5/5 levels left

rFire   . . .        a - +8 rapier "Honn" {holy, rN+}
rCold   . . .        (no shield)
rNeg    + . .        (helmet currently unavailable)
rPois   .            (no amulet)
rElec   .            (no ring)
rCorr   .            (no ring)
SInv    .            (no ring)
Will    .....        (no ring)
Stlth   +++++        (no ring)
HPRegen 0.27/turn    (no ring)
MPRegen 0.10/turn    (no ring)
                     (no ring)

%: no passive effects
@: beast-form
A: beast (slay +0), almost no armour, amphibious, 8 rings, camouflage 1,
gelatinous body 1, (nimble swimmer 1), tentacles
a: Begin Untransformation


You were on level 4 of the Dungeon.
You were a hulking beast.
You visited 1 branch of the dungeon, and saw 6 of its levels.

You collected 200 gold pieces.
You spent 60 gold pieces at shops.

Inventory:

Hand Weapons
 a - the +8 rapier "Honn" (weapon) {holy, rN+}
   (You found it on level 4 of the Dungeon)

   rN+:       It protects you from negative energy.
 b - a +0 sling
 d - a +0 short sword
 l - a +2 whip of electrocution
 q - a +0 quarterstaff of pain
 x - a +1 dagger of venom
Missiles
 p - 5 javelins (quivered)
 u - 8 poisoned darts
Jewellery
 s - an amulet of magic regeneration
Talismans
 k - a beast talisman (active)
Wands
 f - a wand of digging (3)
Scrolls
 c - a scroll of noise {unknown}
 g - a scroll of silence {unknown}
 i - a scroll of teleportation {unknown}
 j - 2 scrolls of enchant weapon {unknown}
 m - a scroll of fog
 o - 3 scrolls of identify {unknown}
 t - a scroll of amnesia {unknown}
 w - a scroll of immolation {unknown}
 y - a scroll of fear
Potions
 e - 3 potions of haste
 h - a potion of degeneration {unknown}
 n - a potion of enlightenment {unknown}
 r - 4 potions of brilliance {unknown}
 v - 2 potions of might {unknown}


   Skills:
 + Level 4.4 Fighting
 + Level 3.6 Short Blades
 + Level 3.6 Dodging
 + Level 8.0 Stealth


You had 5 spell levels left.
You didn't know any spells.
Your spell library contained the following spells:

 Spells                   Type           Power      Damage    Failure   Level
 Summon Forest            Summ/Tloc      0%         N/A       100%        5
 Summon Mana Viper        Hex/Summ       0%         N/A       100%        5
 Summon Cactus Giant      Summ           0%         N/A       100%        6


Dungeon Overview and Level Annotations

Branches:
Dungeon (6/15)             Temple (0/1) D:4

Altars:
Gozag
Makhleb
Okawaru
Uskayaw

Shops:
D:1 :![:   D:4 *

Annotations:
D:4 Blork the orc, Pikel


Innate Abilities, Weirdness & Mutations

You are a hulking beast.
Your limbs bulge with bestial killing power. (Slay +0)
You cannot wear most types of armour.
You are amphibious.
You can wear up to eight rings at the same time.
Your skin changes colour to match your surroundings (Stealth+).
Your rubbery body absorbs attacks. (AC +1, EV +1)
((You are camouflaged when in or above water. (Stealth+)))
You have tentacles for arms and can constrict up to eight enemies at once.


Message History

The lemure closely misses you.
You hit the lemure.
The lemure convulses.
Your grab misses the lemure.
The lemure is heavily wounded.
You hit the lemure.
The lemure convulses.
You grab the lemure.
The lemure is severely wounded.
You constrict the lemure. The lemure misses you.
You puncture the lemure!
You kill the lemure!
That felt strangely unrewarding.
Pikel closely misses you.
You hit Pikel. Your grab misses Pikel.
Pikel is lightly wounded.
A ball python comes into view.
Pikel barely misses you.
A lemure comes into view.
The lemure hits you.
The ball python hisses angrily.
You hit Pikel. You grab Pikel.
Pikel is lightly wounded.
You constrict Pikel, but do no damage.
Pikel hits you with a +0 whip of freezing.
Pikel freezes you. The lemure hits you.
You release your grip on Pikel.
Pikel attacks as he pursues you!
Pikel hits you with a +0 whip of freezing!
Pikel freezes you.
You puncture Pikel! Your grab misses Pikel.
Pikel is moderately wounded.
Pikel hits you with a +0 whip of freezing.
Pikel freezes you.
You hit Pikel. Your grab misses Pikel. You squeeze Pikel, but do no damage.
Pikel is heavily wounded.
Pikel hits you with a +0 whip of freezing!
* * * LOW HITPOINT WARNING * * *
Pikel freezes you.
* * * LOW HITPOINT WARNING * * *
You hit Pikel. Your grab misses Pikel. You squeeze Pikel, but do no damage.
Pikel is heavily wounded.
Pikel hits you with a +0 whip of freezing.
You die...
Pikel says, "See you in Hell!"

*,* *#.#***,,,,,,
*,** *..* **,,,,,
*,,*****####*
*#.#* *,,,,,,
**,,,,,,,...###..*
**,,,,,,
*********....#.#*
*,,,,,,, *,.....#
**,,,,,,, **,...#*
*,,,,,,,, ####S.#
**,,,,,,,, #
###.hK5.#
*,,,,,,,,, ####
####...###.#*
*,,,,,,,,,
...#######...####
*..# **,,,,,,,,
..........####
**#.# **,,,,,,,
........### *,,.#*
**,,,,,,
.........# **,,..*
*,,,,,, ........##
*,,**.# **,,,,,
........# *****.#*
****,, ........#
**,* ***


You could see Pikel, a lemure and a ball python.

Vanquished Creatures
  A lemure (D:4)
  Jessica (D:2)
  An iguana (D:6)
  Natasha (D:1)
  Terence (D:3)
  7 adders
  6 gnolls
  An ufetubus (D:6)
  A worm (D:3)
  2 dart slugs
  4 orcs
  8 endoplasms
  2 giant cockroaches
  8 goblins
  3 hobgoblins
  10 jackals
  11 kobolds
  A quokka (D:2)
  12 ball pythons
  3 bats
  4 frilled lizards
  3 rats (D:2)
91 creatures vanquished.

Notes
Turn   | Place    | Note
-------+----------+-------------------------------------------
     0 | D:5      | croobank the Octopode Delver began the quest for the Orb.
     0 | D:5      | Reached XP level 1. HP: 16/16 MP: 1/1
     8 | D:6      | Noticed an iguana
     9 | D:6      | Killed an iguana
    10 | D:6      | Reached XP level 2. HP: 21/21 MP: 2/2
    10 | D:6      | Reached XP level 3. HP: 26/26 MP: 3/3
    33 | D:5      | Found a hide-covered altar of Uskayaw.
    33 | D:5      | Noticed a centaur
   105 | D:4      | Noticed Blork the orc
   114 | D:4      | Identified the +8 rapier "Honn" {holy, rN+}
   136 | D:4      | Reached skill level 7 in Stealth
   465 | D:3      | Found a burning altar of Makhleb.
   563 | D:3      | Reached XP level 4. HP: 31/31 MP: 4/4
   760 | D:2      | Noticed Natasha
   773 | D:1      | Killed Natasha
   793 | D:1      | Found Roch's Distillery.
   801 | D:1      | Bought a potion of heal wounds for 60 gold pieces
  1095 | D:1      | Found Veusm's Book Emporium.
  1212 | D:1      | Found Norchayn's Armour Boutique.
  1317 | D:1      | Found Esouno's Book Boutique.
  1413 | D:1      | Found a faded altar of an unknown god.
  1630 | D:2      | Reached XP level 5. HP: 23/37 MP: 5/5
  2027 | D:2      | Noticed Jessica
  2031 | D:2      | Killed Jessica
  2161 | D:2      | Reached XP level 6. HP: 41/43 MP: 6/6
  2511 | D:3      | Found an iron altar of Okawaru.
  2744 | D:3      | Noticed Terence
  2756 | D:3      | Killed Terence
  2968 | D:4      | Found Ygig's General Store.
  2972 | D:4      | Found a staircase to the Ecumenical Temple.
  2982 | D:4      | Reached skill level 8 in Stealth
  3585 | D:4      | Found an opulent altar of Gozag.
  3672 | D:4      | Noticed Pikel
  3686 | D:4      | Slain by Pikel

Illustrated notes

Levels and vault maps discovered:
D:1:      dpeg_arrival_more_subterranean_lakeside_camping, layout_basic,
          serial_shops, nicolae_shop_industrial_runoff, shop, shop,
          nicolae_shop_rolling_square, hellmonk_ecumenical_altar_inner_sanctum,
          serial_glass, glass_columns_a, glass_columns_a, glass_columns_a,
          glass_columns_c, glass_columns_a, glass_columns_a, glass_columns_a,
          glass_columns_c, corner_web_ring
D:2:      layout_rooms, minmay_misc_feat_iff, minmay_nonomino_d4, uniq_natasha,
          uniq_jessica
D:3:      layout_loops_corners, overflow_temple_1_default,
          okawaru_altar_gauntlet_db, uniq_terence
D:4:      layout_cave_pods, elyvilon_altar_3, mainiacjoe_overflow_brackets,
          temple_doors_e, eino_small_chamber_without_monster,
          kennysheep_windowed_goal, uniq_blork_the_orc, uniq_ijyb, uniq_pikel
D:5:      kennysheep_six_static_rooms, layout_basic, nicolae_uskayaw_dance_hall,
          minmay_misc_feat_rows, minmay_puff
D:6:      layout_basic, mainiacjoe_overflow_six_doors_small, serial_bayou,
          serial_bayou_pond_a, serial_bayou_lagoon_a, serial_bayou_lagoon_b,
          serial_bayou_lake_a

Skill      XL: |  1  2  3  4  5  6 |
---------------+-------------------+-----
Stealth        | 7 8 |  8.0
Short Blades   | 3 |  3.6
Dodging        | 3 |  3.6
Fighting       | 4 |  4.4

Action                     |  1- 3 |  4- 6 || total
---------------------------+-------+-------++-------
  Melee: Short sword       |    16 |    13 ||    29
         Constrict         |     2 |    32 ||    34
         Tentacles         |     2 |    21 ||    23
         Rapier            |       |   114 ||   114
         Punch             |       |     1 ||     1
   Fire: Sling             |       |    18 ||    18
  Throw: Javelin           |       |     8 ||     8
         Dart              |       |     4 ||     4
    Use: Scroll            |     2 |       ||     2
         Potion            |       |     2 ||     2
   Stab: Sleeping          |     6 |    17 ||    23
 Armour: Skin              |     5 |    54 ||    59
  Dodge: Dodged            |     9 |    78 ||    87
   Form: Beast             |     1 |       ||     1

Table legend: (Time is in decaauts)
 A = Elapsed time spent in this place.
 B = Non-inter-level travel time spent in this place.
 C = Inter-level travel time spent in this place.
 D = Time resting spent in this place.
 E = Time spent auto-exploring this place.
 F = Levels seen in this place.
 G = Mean time per level.
                   A        B        C        D        E       F      G
               +--------+--------+--------+--------+--------+-----+--------+
         Total |   3701 |   3592 |    109 |    873 |   1844 |   6 |  616.8 |
       Dungeon |   3701 |   3592 |    109 |    873 |   1844 |   6 |  616.8 |
               +--------+--------+--------+--------+--------+-----+--------+

Top non-repeatable levels by time:
     D:3: 1421 daAuts
     D:1: 839 daAuts
     D:4: 771 daAuts
     D:2: 632 daAuts
     D:5: 28 daAuts
     D:6: 7 daAuts
